 Dungeon Crawl Stone Soup version 0.18-a0-943-g2c08dd4 (webtiles) character file.

230 filipzpl the Slasher (level 5, -5/50 HPs)
             Began as a Minotaur Berserker on Dec 28, 2015.
             Was a Believer of Trog.
             Shot with an arrow by a centaur (12 damage)
             ... on level 3 of the Dungeon.
             The game lasted 00:04:54 (2364 turns).

filipzpl the Slasher (Minotaur Berserker)           Turns: 2364, Time: 00:04:54

Health: -5/50      AC:  3    Str: 23    XL:     5   Next: 72%
Magic:  4/4        EV: 11    Int:  4    God:    Trog [**....]
Gold:   48         SH:  2    Dex:  9    Spells: 0 memorised, 4 levels left

rFire  . . .     SeeInvis .     a - +0 falchion
rCold  . . .     Gourm    .     b - +0 animal skin
rNeg   . . .     Faith    .     f - +0 buckler
rPois  .         Spirit   .     (helmet restricted)
rElec  .         Dismiss  .     p - +0 cloak
rCorr  .         Reflect  .     (no gloves)
SustAt .         Harm     .     (no boots)
MR     .....                    (no amulet)
Stlth  +.........               (no ring)
                                (no ring)

@: not resistant to hostile enchantments, very unstealthy
A: retaliatory headbutt, horns 2
a: Berserk, Trog's Hand, Burn Spellbooks, Renounce Religion


You were on level 3 of the Dungeon.
You worshipped Trog.
Trog was pleased with you.
You were not hungry.

You visited 1 branch of the dungeon, and saw 3 of its levels.

You collected 48 gold pieces.

Inventory:

Hand Weapons
 a - a +0 falchion (weapon)
Armour
 b - a +0 animal skin (worn)
 f - a +0 buckler (worn)
 p - a +0 cloak (worn)
Jewellery
 o - a cursed amulet of inaccuracy
Scrolls
 d - a scroll of remove curse
 e - 4 scrolls of identify
 h - a scroll of blinking {unknown}
 i - a scroll of teleportation
Potions
 g - a potion of heal wounds {unknown}
 j - a potion of brilliance {unknown}
 k - a potion of lignification {unknown}
 l - a potion of resistance {unknown}
 n - a potion of curing {unknown}
Comestibles
 c - a slice of pizza
 m - 8 fruits


   Skills:
 * Level 6.0 Fighting
 * Level 6.1 Long Blades
 - Level 2.4 Armour
 - Level 2.1 Dodging


You had 4 spell levels left.
You didn't know any spells.

Dungeon Overview and Level Annotations

Branches:
Dungeon (3/15)

Altars:
Kikubaaqudgha


Innate Abilities, Weirdness & Mutations

You reflexively headbutt those who attack you in melee.
You have a pair of horns on your head.


Message History

The centaur shoots an arrow.
The arrow hits you.
The centaur shoots an arrow.
The arrow hits you!
You see here 2 arrows.
The centaur shoots an arrow.
The arrow hits you!
* * * LOW HITPOINT WARNING * * *
You see here an arrow.
You are too injured to fight recklessly!
You are too injured to fight recklessly!
You are too injured to fight recklessly!
You are too injured to fight recklessly!
You are too injured to fight recklessly!
You are too injured to fight recklessly!
The centaur shoots an arrow.
The arrow barely misses you.
You see here 2 arrows.
The centaur shoots an arrow.
The arrow closely misses you.
The centaur shoots an arrow.
The arrow hits you.
* * * LOW HITPOINT WARNING * * *
You see here 2 arrows.
The centaur shoots an arrow.
The arrow hits you!
You die...

#.# #c# #.#
#.# #.# #(#
#(# #(#
#####@#
##.....##
###..###..#
..........#
.#
#+#######..#
.# #.# #..#
.#
#####.#####
#..# .#
#...'.'...#
#..# .#
#.###.###.#
#..#


You could see a centaur.

Vanquished Creatures
  The ghost of filipzpl the Firebug, a weakling HOFE (D:3)
  3 vampire bats (D:2)
  A gnoll (D:1)
  An adder (D:3)
  A worm (D:2)
  A giant gecko (D:1)
  A ball python (D:1)
  7 bats
  3 bat skeletons (D:2)
  2 bat zombies (D:2)
  8 goblins
  7 hobgoblins
  3 jackals (D:2)
  2 giant cockroaches
  4 giant newts
  3 kobolds
  5 rats
53 creatures vanquished.

Notes
Turn   | Place    | Note
--------------------------------------------------------------
     0 | D:1      | filipzpl the Minotaur Berserker began the quest for the Orb.
     0 | D:1      | Reached XP level 1. HP: 19/19 MP: 0/0
   204 | D:1      | Reached skill level 4 in Fighting
   204 | D:1      | Reached XP level 2. HP: 27/27 MP: 1/1
   588 | D:1      | Reached ** piety under Trog
   635 | D:1      | Reached XP level 3. HP: 14/34 MP: 2/2
  1302 | D:2      | Found an ancient bone altar of Kikubaaqudgha.
  1305 | D:2      | Reached skill level 5 in Fighting
  1305 | D:2      | Reached skill level 5 in Long Blades
  1305 | D:2      | Reached XP level 4. HP: 35/42 MP: 3/3
  1316 | D:2      | Reached XP level 5. HP: 35/49 MP: 4/4
  2142 | D:3      | Noticed filipzpl's ghost (weakling HOFE)
  2153 | D:3      | Killed filipzpl's ghost
  2153 | D:3      | Reached skill level 6 in Fighting
  2358 | D:3      | Noticed a centaur
  2364 | D:3      | Shot with an arrow by a centaur

Vault maps used:
D:1:      dpeg_arrival_simpleton_b, minmay_close_crescents
D:2:      kennysheep_vampire_church, serial_bayou_pond_e
D:3:      first_bread, minmay_door_square

Action                   |  1- 3 |  4- 6 || total
-------------------------+-------+-------++-------
Melee: Falchion          |    67 |    34 ||   101
Invok: Berserk           |     1 |     1 ||     2
  Use: Scroll            |       |     4 ||     4
  Eat: Chunk             |     2 |     1 ||     3
       Bread ration      |       |     1 ||     1
